 Dungeon Crawl Stone Soup version 0.29.1-13-g9f3cf754e1 (webtiles) character file.

Game seed: 15620064247192254634

14 Thatpatchoflichen the Chopper (level 2, -7/25 HPs)
             Began as a Hill Orc Gladiator on Jan 29, 2023.
             Mangled by Sigmund
             ... wielding a +0 scythe
              (8 damage)
             ... on level 2 of the Dungeon.
             The game lasted 00:01:59 (924 turns).

Thatpatchoflichen the Chopper (Hill Orc Gladiator)   Turns: 924, Time: 00:02:00

Health: -7/25      AC:  5    Str: 22    XL:     2   Next: 45%
Magic:  2/2        EV: 12    Int:  8    God:
Gold:   83         SH:  0    Dex: 12    Spells: 1/1 levels left

rFire   . . .      SeeInvis .   a - +0 war axe
rCold   . . .      Faith    .   (no shield)
rNeg    . . .      Spirit   .   b - +0 leather armour
rPois   .          Reflect  .   c - +0 helmet
rElec   .          Harm     .   (no cloak)
rCorr   .          Rampage  .   (no gloves)
Will    .....                   o - +0 pair of boots
Stlth   +.........              (no amulet)
HPRegen 0.08/turn               i - +6 ring of strength
MPRegen 0.08/turn               (no ring)

@: no status effects
A: no striking features
a: no special abilities


You were on level 2 of the Dungeon.
You visited 1 branch of the dungeon, and saw 3 of its levels.

You collected 83 gold pieces.

Inventory:

Hand Weapons
 a - a +0 war axe (weapon)
Missiles
 d - 3 throwing nets (quivered)
 e - a javelin
Armour
 b - a +0 leather armour (worn)
 c - a +0 helmet (worn)
 k - a +0 scale mail
 o - a +0 pair of boots (worn)
Jewellery
 i - a +6 ring of strength (left hand)
Scrolls
 f - a scroll of enchant armour {unknown}
 g - 3 scrolls of identify {unknown}
 j - a scroll of fog {unknown}
 l - a scroll of blinking {unknown}
 n - a scroll of teleportation {unknown}
 p - a scroll of vulnerability {unknown}
 q - a scroll of poison {unknown}
Potions
 h - a potion of ambrosia {unknown}
 m - 2 potions of flight {unknown}


   Skills:
 + Level 2.9 Fighting
 + Level 4.4 Axes
 - Level 1.7 Throwing
 + Level 1.1 Armour
 - Level 2.4 Dodging


You had one spell level left.
You didn't know any spells.
Your spell library was empty.

Dungeon Overview and Level Annotations

Branches:
Dungeon (3/15)

Altars:
Makhleb

Annotations:
D:2 Sigmund


Message History

Found a leather armour.
You see here a +0 pair of boots.
r - a +0 pair of boots You start removing your armour.
You continue taking off your +0 pair of boots. x4
You finish taking off your +0 pair of boots.
You start putting on your armour.
You continue putting on your +0 pair of boots. x5
You finish putting on your +0 pair of boots.
You start removing your armour.
You continue taking off your +0 pair of boots. x4
You finish taking off your +0 pair of boots.
You start putting on your armour.
You continue putting on your +0 pair of boots. x5
You finish putting on your +0 pair of boots.
You drop a +0 pair of boots.
Sigmund the Dreaded comes into view.
He is wielding a +0 scythe and carrying a wand of flame (15).
Found a fuming silvery potion.
Sigmund mumbles some strange words.
Sigmund flickers and vanishes!
Deactivating autopickup; reactivate with Ctrl-A.
A puff of flame appears from out of thin air!
The puff of flame hits you!
Found a tower shield.
You hear some strange, mumbled words.
Something tries to affect you, but you resist.
You hear a zap.
A puff of flame appears from out of thin air!
The puff of flame hits you. Something hits you.
You closely miss something.
You hear a zap.
A puff of flame appears from out of thin air!
The puff of flame hits you.
You closely miss something. Something hits you!
* * * LOW HITPOINT WARNING * * *
You barely miss something. Something hits you.
* * * LOW HITPOINT WARNING * * *
You hit something but do no damage. Something hits you!
You die...

# #.# #.# #
#####.###.# #
...#.#...# #
#.#.#.#.# #
#...)#..# #
#####[#.#
#.#.#
#.#.##########
#.#...@!......
#.#.#.{####..#
....#..#
#.#.#[.#
#[#.#..# #
#.#... #.##.##
#.##.#


There were no monsters in sight!

Vanquished Creatures
  A bat (D:1)
  An endoplasm (D:1)
  2 hobgoblins (D:1)
  A kobold (D:1)
  A quokka (D:1)
  4 ball pythons
  A goblin (D:1)
  3 rats (D:1)
14 creatures vanquished.

Notes
Turn   | Place    | Note
-------+----------+-------------------------------------------
     0 | D:1      | Thatpatchoflichen the Hill Orc Gladiator began the quest
                  | for the Orb.
     0 | D:1      | Reached XP level 1. HP: 18/18 MP: 1/1
   266 | D:1      | Reached XP level 2. HP: 25/25 MP: 2/2
   268 | D:2      | Found a burning altar of Makhleb.
   359 | D:1      | Reached skill level 1 in Armour
   916 | D:2      | Noticed Sigmund
   923 | D:2      | HP: 1/25 [something (1)]
   924 | D:2      | Mangled by Sigmund

Illustrated notes

Levels and vault maps discovered:
D:1:      dpeg_arrival_shelter, layout_basic, st_stairs_8
D:2:      layout_loops_ring, basic_altar, minivault_5, minivault_4,
          uniq_sigmund, uniq_robin
D:3:      layout_basic, tso_altar, mainiacjoe_overflow_brackets, minmay_vboxes

Skill      XL: |  1  2 |
---------------+-------+-----
Armour         | 1 |  1.1
Fighting       | |  2.9
Axes           | |  4.4
Throwing       | |  1.7
Dodging        | |  2.4

Action                   || total
-------------------------++-------
Melee: War axe           ||    41
 Stab: Sleeping          ||     1
Armor: Leather armour    ||    10
Dodge: Dodged            ||    34
